 Dungeon Crawl Stone Soup version 0.31-a0-16-g6d2539766c (webtiles) character file.

Game seed: 8621879736980322395

1099 IdlyInterested the Cutter (level 8, 0/63 HPs)
             Began as a Demonspawn Wanderer on May 8, 2023.
             Succumbed to Eustachio's poison
             ... on level 5 of the Dungeon.
             The game lasted 00:17:07 (3595 turns).

IdlyInterested the Cutter (Demonspawn Wanderer)     Turns: 3595, Time: 00:17:07

Health: 0/63       AC:  9    Str: 19    XL:     8   Next: 10%
Magic:  11/11      EV: 16    Int:  9    God:
Gold:   419        SH:  0    Dex: 19    Spells: 11/11 levels left

rFire   . . .        J - +0 rapier
rCold   . . .        (no shield)
rNeg    . . .        s - +0 leather armour of Viryet {Str+6 Slay+3}
rPois   .            (helmet restricted)
rElec   .            (no cloak)
rCorr   .            c - +0 pair of gloves
SInv    .            v - +0 pair of boots
Will    .....        (no amulet)
Stlth   +++          o - +5 ring of evasion
HPRegen 0.30/turn    h - +4 ring of protection
MPRegen 0.24/turn

%: no passive effects
@: lethally poisoned (0 -> -14), on berserk cooldown, slowed, very slow
A: horns 1, magic regeneration, weakness stinger 2
a: no special abilities


You were on level 5 of the Dungeon.
You visited 1 branch of the dungeon, and saw 5 of its levels.
You also visited: Sewer and Ossuary.

You collected 419 gold pieces.

Inventory:

Hand Weapons
 a - a +2 mace
 b - a +0 spear
 g - a +0 short sword
 m - a +0 dagger
 C - a +0 hand axe of flaming
 J - a +0 rapier (weapon)
Missiles
 e - 7 boomerangs
 i - a throwing net
 k - 30 stones (quivered)
 u - 10 poisoned darts
Armour
 c - a +0 pair of gloves (worn)
 q - a +0 pair of gloves
 s - the +0 leather armour of Viryet (worn) {Str+6 Slay+3}
   (You found it on level 2 of the Dungeon)

   Str:       It affects your strength (+6).
   Slay:      It affects your accuracy & damage with ranged weapons and melee
   (+3).
 v - a +0 pair of boots (worn)
 L - a +0 pair of gloves
Jewellery
 h - a +4 ring of protection (right hand)
 o - a +5 ring of evasion (left hand)
 I - a ring of magical power
Scrolls
 d - 2 scrolls of blinking
 f - a scroll of teleportation {unknown}
 l - 2 scrolls of fear
 r - 2 scrolls of silence {unknown}
 t - 2 scrolls of vulnerability {unknown}
 w - a scroll of fog {unknown}
 y - a scroll of amnesia {unknown}
 D - a scroll of immolation {unknown}
 F - a scroll of poison {unknown}
 K - a scroll of butterflies {unknown}
Potions
 j - 3 potions of lignification
 n - 7 potions of curing
 p - 2 potions of attraction
 z - 2 potions of might
 A - a potion of ambrosia {unknown}
 B - a potion of brilliance {unknown}
 E - 2 potions of resistance {unknown}
 G - a potion of haste {unknown}
 H - a potion of magic {unknown}
 M - a potion of flight {unknown}


   Skills:
 + Level 5.5 Fighting
 * Level 5.8 Short Blades
 - Level 1.7 Maces & Flails
 - Level 1.7 Polearms
 - Level 1.0 Throwing
 - Level 1.0 Armour
 - Level 1.0 Dodging
 + Level 3.8 Stealth
 - Level 2.0 Spellcasting
 - Level 1.0 Evocations


You had 11 spell levels left.
You didn't know any spells.
Your spell library contained the following spells:

 Spells                   Type           Power      Damage    Failure   Level
 Ensorcelled Hibernation  Hex/Ice        0%         N/A       52%         2
 Spider Form              Tmut/Pois      0%         N/A       75%         3
 Vhi's Electric Charge    Tloc/Air       0%         N/A       75%         3
 Anguish                  Hex/Necr       0%         N/A       98%         4
 Arcjolt                  Conj/Air       0%         1d10      100%        5
 Plasma Beam              Fire/Air       0%         2x1d11    100%        6


Dungeon Overview and Level Annotations

Branches:
Dungeon (5/15)              Sewer (visited)         Ossuary (visited)
 Temple: D:4-7

Altars:
Gozag
Okawaru
Yredelemnul

Shops:
D:1 [   D:4 *


Innate Abilities, Weirdness & Mutations

You have a pair of small horns on your head.
You regenerate magic rapidly.
You have a tail ending in a sharp stinger.


Message History

Eustachio is lightly wounded.
You feel sick.
You closely miss Eustachio. You tail-slap Eustachio!
Eustachio is moderately wounded.
You feel sick. The white imp gestures at you. The puff of frost hits you.
* * * LOW HITPOINT WARNING * * *
Eustachio gestures wildly while chanting.
You puncture Eustachio!
Your tail-slap misses Eustachio.
Eustachio is severely wounded.
You feel sick.
The crimson imp disappears in a puff of smoke!
The white imp misses you.
You completely miss Eustachio. You headbutt Eustachio!
Eustachio is almost dead.
You feel sick.
Eustachio hits you with a +2 rapier of venom!
* * * LOW HITPOINT WARNING * * *
You are lethally poisoned!
Unknown command.
You puncture Eustachio!
You kill Eustachio!
The white imp disappears in a puff of smoke! x2
* * * LOW HITPOINT WARNING * * *
You feel very sick.
You have reached level 8!
You feel agile.
You hit the white imp. You tail-slap the white imp!
You kill the white imp!
* * * LOW HITPOINT WARNING * * *
You feel sick.
* * * LOW HITPOINT WARNING * * *
You feel very sick.
You are too berserk!
You feel a strong urge to attack something.
You are no longer berserk.
You are exhausted.
You feel yourself slow down.
You die...

#..# ... #...
#.. #...#
#.########
##....
#.......$# .....
#........# ..>
#.§......#
#.##..§.....#
#..)@.....).#
####).§.....#
.........>.....#
....###....<...#
.. #............
#..........##
####......##
##.##### ...


There were no monsters in sight!

Vanquished Creatures
  Sigmund (D:3)
  Eustachio (D:5)
  Edmund (D:5)
  A phantom (D:4)
  2 howler monkeys (D:4)
  A hound (D:4)
  Jessica (D:3)
  An iguana (D:4)
  8 mummies (Ossuary)
  8 gnolls (D:4)
  9 adders
  5 river rats (Sewer)
  A white imp (D:5)
  2 ufetubi (D:4)
  A worm (D:3)
  3 dart slugs
  3 orcs (D:3)
  9 endoplasms
  13 giant cockroaches
  15 goblins
  11 hobgoblins
  11 kobolds
  6 quokkas
  2 ball pythons
  7 frilled lizards
  2 gnoll zombies (Ossuary)
  A goblin zombie (D:4)
  2 hobgoblin zombies (Ossuary)
  4 kobold zombies (Ossuary)
  A quokka zombie (D:4)
  14 rats
147 creatures vanquished.

Notes
Turn   | Place    | Note
-------+----------+-------------------------------------------
     0 | D:1      | IdlyInterested the Demonspawn Wanderer began the quest for
                  | the Orb.
     0 | D:1      | IdlyInterested set off with the following items: a +2 mace,
                  | a +0 spear, a +0 pair of gloves, a scroll of blinking, a +0
                  | leather armour.
     0 | D:1      | Reached XP level 1. HP: 16/16 MP: 3/3
    13 | D:1      | Noticed a demonspawn zombie
    15 | D:1      | Noticed a minotaur zombie
   168 | D:1      | Discovered your monstrous ancestry.
   168 | D:1      | Gained mutation: You have a small tail. [demonic ancestry]
   168 | D:1      | Reached XP level 2. HP: 9/23 MP: 5/5
   433 | D:1      | Found Zuexist's Antique Armour Boutique.
   534 | D:1      | Reached skill level 1 in Armour
   639 | D:1      | Reached skill level 1 in Short Blades
   649 | D:1      | Reached XP level 3. HP: 22/28 MP: 6/6
   812 | D:2      | Identified the +0 leather armour of Viryet {Str+6 Slay+3}
  1179 | D:2      | Reached XP level 4. HP: 34/35 MP: 7/7
  1207 | D:2      | Reached skill level 1 in Dodging
  1681 | D:3      | Found a glowing drain.
  1706 | Sewer    | Entered a sewer
  1829 | Sewer    | Gained mutation: You have a tail ending in a sharp stinger.
                  | [demonic ancestry]
  1829 | Sewer    | Reached XP level 5. HP: 41/41 MP: 8/8
  2033 | Sewer    | Reached skill level 1 in Throwing
  2231 | D:3      | Noticed Jessica
  2238 | D:3      | Killed Jessica
  2276 | D:3      | Found a basalt altar of Yredelemnul.
  2281 | D:3      | Noticed Sigmund
  2295 | D:3      | Killed Sigmund
  2296 | D:3      | Reached skill level 1 in Evocations
  2296 | D:3      | Gained mutation: You regenerate magic rapidly. [demonic
                  | ancestry]
  2296 | D:3      | Reached XP level 6. HP: 41/49 MP: 9/9
  2664 | D:4      | Gained mutation: You have a pair of small horns on your
                  | head. [demonic ancestry]
  2664 | D:4      | Reached XP level 7. HP: 37/55 MP: 10/10
  2741 | D:4      | Found a sand-covered staircase.
  2748 | Ossuary  | Entered an ossuary
  2842 | Ossuary  | Reached skill level 5 in Fighting
  2842 | Ossuary  | Reached skill level 5 in Short Blades
  3194 | D:4      | Found an iron altar of Okawaru.
  3194 | D:4      | Found an opulent altar of Gozag.
  3459 | D:4      | Found Lujeut's CLEARANCE SALE!.
  3562 | D:5      | Entered Level 5 of the Dungeon
  3562 | D:5      | Noticed Eustachio
  3562 | D:5      | Noticed Edmund
  3582 | D:5      | Killed Edmund
  3592 | D:5      | Killed Eustachio
  3593 | D:5      | Reached XP level 8. HP: 7/63 MP: 11/11
  3594 | D:5      | HP: 2/94 [poisoned by Eustachio]
  3595 | D:5      | Succumbed to Eustachio's poison

Illustrated notes

Levels and vault maps discovered:
D:1:      shiori_arrival_whats_in_store_for_you, layout_rooms, serial_shops,
          nicolae_shop_peninsula
D:2:      layout_basic, minmay_goblin_outpost
D:3:      layout_rooms, yredelemnul_altar_generic, portal_sewer_entry_f,
          chequers_serial_rivers_small_3, uniq_sigmund, uniq_jessica
D:4:      layout_cave_pools, gammafunk_temple_overflow_elements,
          enter_ossuary_4, nicolae_shop_clearance
D:5:      layout_rooms, minmay_temple_entry_trees, gammafunk_ghost_hive,
          nicolae_shop_sticking_my_neck_out, uniq_eustachio, uniq_edmund

Skill      XL: |  1  2  3  4  5  6  7 |
---------------+----------------------+-----
Armour         | 1 |  1.0
Short Blades   | 1 2 4 5 |  5.8
Fighting       | 3 4 5 |  5.5
Dodging        | 1 |  1.0
Stealth        | 2 3 |  3.8
Throwing       | 1 |  1.0
Evocations     | 1 |  1.0
Maces & Flails | |  1.7
Polearms       | |  1.7
Spellcasting   | |  2.0

Action                     |  1- 3 |  4- 6 |  7- 9 || total
---------------------------+-------+-------+-------++-------
  Melee: Mace              |    98 |   118 |       ||   216
         Tailslap          |     6 |    23 |    14 ||    43
         Punch             |       |     1 |       ||     1
         Short sword       |       |    48 |    65 ||   113
         Rapier            |       |       |    34 ||    34
         Headbutt          |       |       |    25 ||    25
  Throw: Stone             |     9 |       |     4 ||    13
  Evoke: Wand              |       |     2 |    13 ||    15
    Use: Scroll            |     1 |     5 |       ||     6
         Potion            |     1 |       |     1 ||     2
   Stab: Sleeping          |     4 |     5 |     2 ||    11
 Armour: Leather armour    |    29 |    38 |    28 ||    95
  Dodge: Dodged            |    81 |   152 |    78 ||   311

Table legend: (Time is in decaauts)
 A = Elapsed time spent in this place.
 B = Non-inter-level travel time spent in this place.
 C = Inter-level travel time spent in this place.
 D = Time resting spent in this place.
 E = Time spent auto-exploring this place.
 F = Levels seen in this place.
 G = Mean time per level.
                   A        B        C        D        E       F      G
               +--------+--------+--------+--------+--------+-----+--------+
         Total |   3679 |   3402 |    277 |    393 |   1427 |   7 |  525.6 |
       Dungeon |   2985 |   2708 |    277 |    260 |   1277 |   5 |  597.0 |
         Sewer |    412 |    412 |      0 |     59 |     47 |   1 |  412.0 |
       Ossuary |    281 |    281 |      0 |     74 |    103 |   1 |  281.0 |
               +--------+--------+--------+--------+--------+-----+--------+

Top non-repeatable levels by time:
     D:2: 841 daAuts
     D:1: 808 daAuts
     D:4: 692 daAuts
     D:3: 616 daAuts
   Sewer: 412 daAuts
 Ossuary: 281 daAuts
     D:5: 25 daAuts
